Map: Chain of Ascension

Players

Lexximus

  • Race: Protoss Protoss
  • Spawn Location: 11:00

NamroodTuo

  • Race: Zerg Zerg

VOD

Have the link to the VOD?

Description

Time

  • Played on: April 17, 2023, 4:49 a.m.
  • Length: 32:30
Show
View Real Time Build Order
Export as new Build Order

Lexximus Protoss 

Build Orders:  

Get SALT Encoding   

  12  0:03  Probe (Chrono Boost)  
  13  0:18  Probe (Chrono Boost)  
  14  0:32  Probe (Chrono Boost)  
  15  0:42  Xel'Naga Passageway  
  15  0:45  Probe (Chrono Boost)  
  16  0:59  Probe (Chrono Boost)  
  17  1:13  Probe (Chrono Boost)  
  17  1:15  Xel'Naga Passageway  
  18  1:27  Probe (Chrono Boost)  
  19  1:41  Probe (Chrono Boost)  
  20  1:55  Core Forge  
  20  2:01  Xel'Naga Passageway  
  20  2:05  Probe (Chrono Boost)  
  21  2:19  Probe (Chrono Boost)  
  22  2:52  Tesseract Cannon  
  22  2:57  Xel'Naga Ambusher, Xel'Naga Shieldguard  
  25  3:33  Xel'Naga Ambusher, Xel'Naga Shieldguard  
  28  3:52  Xel'Naga Shieldguard x2  
  30  4:52  Xel'Naga Shieldguard  
  30  4:53  Xel'Naga Ambusher x2  
  35  5:20  Xel'Naga Ambusher, Xel'Naga Shieldguard  
  38  6:01  Void Shrine  
  38  6:54  Void Templar  
  40  7:29  Xel'Naga Ambusher x2  
  44  7:31  Xel'Naga Ambusher  
  46  9:14  Ancient Nexus  
  46  9:28  Xel'Naga Ambusher x2, Void Templar  
  52  9:49  Xel'Naga Shieldguard  
  53  10:14  Xel'Naga Ambusher x2  
  57  10:31  Probe (Chrono Boost)  
  58  10:45  Probe (Chrono Boost)  
  59  10:59  Probe (Chrono Boost)  
  60  11:13  Probe (Chrono Boost)  
  61  11:26  Probe (Chrono Boost)  
  62  11:43  Probe (Chrono Boost)  
  63  11:56  Probe (Chrono Boost)  
  64  12:06  Xel'Naga Ambusher, Void Templar, Xel'Naga Shieldguard  
  69  12:10  Probe (Chrono Boost)  
  70  12:24  Probe (Chrono Boost)  
  70  12:25  Xel'Naga Shieldguard  
  72  12:38  Probe (Chrono Boost), Xel'Naga Ambusher, Xel'Naga Shieldguard  
  76  12:43  Xel'Naga Shieldguard  
  72  13:31  Xel'Naga Ambusher, Void Templar, Xel'Naga Shieldguard  
  77  13:45  Probe (Chrono Boost)  
  78  13:59  Probe (Chrono Boost)  
  78  14:03  Xel'Naga Ambusher, Void Templar  
  82  14:13  Probe (Chrono Boost)  
  83  14:27  Probe (Chrono Boost)  
  84  14:33  Xel'Naga Ambusher x2  
  84  14:34  Xel'Naga Shieldguard  
  79  15:15  Xel'Naga Ambusher  
  79  15:16  Xel'Naga Ambusher, Xel'Naga Shieldguard  
  65  15:34  Xel'Naga Ambusher  
  65  15:39  Xel'Naga Ambusher, Xel'Naga Shieldguard  
  66  15:59  Xel'Naga Ambusher  
  68  16:02  Xel'Naga Shieldguard  
  69  16:13  Xel'Naga Ambusher  
  70  16:43  Xel'Naga Ambusher x2, Xel'Naga Shieldguard  
  74  17:21  Serdath Legion  
  68  17:50  Tesseract Cannon  
  69  18:00  Tesseract Cannon  
  69  18:04  Tesseract Cannon  
  69  18:09  Xel'Naga Shieldguard x2  
  54  19:04  Xel'Naga Ambusher, Void Templar, Xel'Naga Shieldguard  
  51  19:22  Xel'Naga Shieldguard  
  51  19:24  Xel'Naga Shieldguard  
  51  19:25  Xel'Naga Shieldguard  
  52  19:41  Xel'Naga Ambusher  
  52  19:43  Xel'Naga Ambusher, Xel'Naga Shieldguard  
  51  20:01  Xel'Naga Ambusher  
  53  20:22  Xel'Naga Ambusher, Xel'Naga Shieldguard  
  53  20:23  Xel'Naga Ambusher  
  55  20:52  Probe (Chrono Boost)  
  54  21:06  Probe (Chrono Boost)  
  55  21:19  Probe (Chrono Boost)  
  56  21:33  Probe (Chrono Boost)  
  57  21:47  Probe (Chrono Boost)  
  58  22:07  Xel'Naga Ambusher x2, Void Templar  
  64  22:28  Void Templar, Xel'Naga Shieldguard x2  
  68  22:46  Xel'Naga Ambusher x2  
  60  23:02  Xel'Naga Ambusher  
  60  23:07  Void Templar, Xel'Naga Shieldguard  
  63  23:23  Xel'Naga Ambusher  
  65  24:27  Xel'Naga Ambusher, Void Templar, Xel'Naga Shieldguard  
  70  24:46  Xel'Naga Ambusher  
  70  24:48  Xel'Naga Ambusher x2  
  76  25:07  Xel'Naga Ambusher  
  76  25:09  Xel'Naga Shieldguard x2  
  77  25:27  Xel'Naga Ambusher  
  72  25:55  Serdath Legion  
  75  26:24  Tesseract Cannon  
  75  26:25  Tesseract Cannon  
  75  26:31  Xel'Naga Ambusher  
  75  26:35  Xel'Naga Shieldguard  
  78  26:51  Xel'Naga Ambusher  
  59  27:27  Xel'Naga Ambusher, Void Templar, Xel'Naga Shieldguard  
  62  27:46  Xel'Naga Shieldguard  
  62  27:48  Xel'Naga Shieldguard x2  
  61  28:04  Xel'Naga Ambusher  
  56  28:29  Serdath Legion  
  68  28:55  Xel'Naga Ambusher  
  68  28:56  Xel'Naga Ambusher  
  68  28:58  Xel'Naga Shieldguard  
  61  29:48  Xel'Naga Ambusher  
  61  29:49  Void Templar, Xel'Naga Shieldguard  
  66  30:07  Xel'Naga Shieldguard  
  66  30:09  Xel'Naga Shieldguard  
  64  30:10  Xel'Naga Ambusher  
  60  31:01  Serdath Legion  
  72  31:45  Xel'Naga Ambusher, Xel'Naga Shieldguard  
  72  31:46  Void Templar  
  77  32:04  Xel'Naga Shieldguard  
  77  32:06  Xel'Naga Ambusher  
  77  32:07  Xel'Naga Ambusher  
Show
View Real Time Build Order
Export as new Build Order

NamroodTuo Zerg 

Build Orders:  

Get SALT Encoding   

  12  0:20  Infested Barracks  
  12  0:26  Infested SCV  
  13  0:39  Overlord  
  13  0:45  Infested SCV  
  14  0:53  Infested SCV  
  15  1:06  Infested SCV  
  15  1:09  Infested SCV  
  17  1:11  Infested SCV  
  17  1:19  Infested Refinery  
  18  1:24  Infested SCV  
  19  1:44  Infestation Level 1  
  19  1:49  Infested SCV  
  20  1:57  Infested SCV  
  21  2:18  Infested SCV  
  22  2:23  Infested Engineering Bay  
  22  2:26  Overlord  
  22  2:59  Infested Bunker  
  26  3:08  Infested SCV  
  26  3:09  Infested SCV  
  28  3:16  Overlord  
  28  3:30  Infested SCV  
  29  3:44  Anaerobic Enhancement  
  29  3:51  Infested Refinery  
  29  3:52  Stukov Infantry Weapons Level 1  
  29  3:59  Overlord  
  29  4:02  Infested SCV  
  30  4:18  Infested Marine  
  30  4:19  Infested Marine x8  
  39  4:27  Infested Marine x4  
  39  4:28  Infested Marine x4  
  47  4:34  Overlord  
  47  4:40  Overlord  
  45  4:59  Infested SCV  
  46  5:31  Infestation Level 2  
  46  5:36  Infested SCV  
  46  5:37  Overlord  
  47  5:40  Infested SCV  
  48  6:15  Infested Bunker  
  37  6:42  Infested Marine  
  37  6:43  Infested Marine x11  
  49  6:53  Infested Barracks Tech Lab  
  49  7:01  Stukov Infantry Armor Level 1  
  49  7:09  Overlord  
  49  7:10  Infested SCV  
  50  7:31  Broodling Gestation  
  47  7:45  Infested Marine x2  
  47  8:00  Infested Bunker  
  47  8:28  Infested Command Center  
  44  8:43  Infested Marine  
  44  8:44  Infested Marine x8  
  44  8:49  Retinal Augmentation  
  55  9:18  Infested Bunker  
  55  9:25  Infested Missile Turret  
  55  9:28  Infested SCV  
  56  9:38  Infested Factory  
  56  9:41  Regenerative Plating  
  56  9:54  Infested Colonist Compound  
  56  10:16  Plagued Munitions  
  56  10:25  Overlord x2  
  56  10:26  Overlord  
  56  10:31  Infested SCV  
  56  10:32  Infested SCV x2  
  50  10:43  Infested SCV  
  50  10:44  Infested SCV  
  52  11:09  Infested Factory Tech Lab  
  56  11:25  Infested SCV x2  
  56  11:26  Unknown  
  56  11:29  Infested SCV  
  59  11:33  Infested SCV x2, Infested Bunker  
  59  11:34  Infested SCV  
  59  11:37  Infested SCV  
  67  12:27  Infested Bunker  
  67  12:41  Stukov Infantry Armor Level 2  
  67  12:42  Infested Armory  
  67  13:01  Infested SCV x3  
  67  13:02  Infested SCV x2  
  72  13:14  Infested Missile Turret, Infested Bunker  
  76  13:28  Infested Refinery  
  76  13:31  Infested SCV  
  76  13:33  Infested Refinery  
  76  13:35  Infested SCV  
  78  14:01  Infested Missile Turret  
  78  14:26  Infested Bunker  
  82  14:36  Infested Factory, Infested Diamondback x3  
  82  14:39  Saturated Cultures  
  95  15:02  Infested Bunker  
  95  15:11  Overlord x2  
  95  15:14  Infested Missile Turret  
  95  15:17  Aggressive Incubation  
  95  15:42  Infested Diamondback  
  95  15:43  Infested Diamondback  
  95  15:48  Stukov Vehicle and Ship Armor Level 1  
  101  15:50  Infested Missile Turret  
  101  15:51  Stukov Infantry Weapons Level 2  
  101  16:17  Infested Diamondback  
  101  16:18  Infested Diamondback  
  107  16:45  Overlord x3  
  107  16:46  Overlord  
  107  16:48  Overseer  
  107  16:49  Overseer  
  103  17:06  Infested Marine  
  103  17:07  Infested Marine x9  
  103  17:08  Infested Marine x3  
  112  17:16  Infested Bunker  
  115  17:35  Overseer x4  
  107  18:04  Infested Missile Turret  
  103  18:20  Infested Marine  
  103  18:21  Infested Marine x12  
  103  18:22  Infested Marine x7  
  131  18:40  Infested Bunker  
  135  18:50  Infested Bunker  
  135  18:51  Infested Bunker  
  135  18:58  Infested Diamondback  
  138  19:01  Calcified Armor  
  138  19:06  Overlord x2  
  138  19:07  Overlord  
  136  19:11  Overlord  
  129  19:33  Infested Diamondback  
  129  19:34  Infested Diamondback  
  117  20:05  Infested Diamondback x2  
  120  20:28  Infested Diamondback x2  
  126  21:06  Infested Diamondback  
  126  21:07  Infested Diamondback x3  
  135  21:40  Infested Marine x2  
  135  21:41  Infested Marine x18  
  149  22:29  Infested Marine  
  150  22:34  Overlord x5  
  150  22:35  Overlord x4  
  150  22:36  Overlord  
  149  22:47  Caustic Mucus  
  147  22:52  Stukov Vehicle and Ship Armor Level 2  
  130  23:12  Infested Diamondback x2  
  130  23:18  Infestation Level 3, Overseer x2  
  135  23:20  Overseer  
  135  23:23  Overseer  
  135  23:30  Infested Marine  
  135  23:31  Infested Marine x12  
  148  24:05  Infested Diamondback x2  
  154  24:16  Infested Colonist Compound  
  158  24:21  Infested Bunker  
  155  24:58  Infested Marine x4  
  155  24:59  Infested Marine x16  
  169  25:15  Infested Bunker  
  169  25:17  Infested Bunker  
  152  25:32  Infested Diamondback x2  
  158  26:16  Infested Marine  
  158  26:17  Infested Marine x9  
  158  26:18  Infested Marine x6  
  159  26:34  Infested Marine  
  159  26:35  Infested Marine x2  
  157  27:01  Infested Diamondback x4  
  157  27:02  Infested Diamondback x2  
  148  27:20  Infested Marine  
  148  27:21  Infested Marine x8  
  148  27:23  Infested Marine  
  148  27:29  Infested Marine  
  159  27:39  Infested Marine  
  156  27:40  Infested Marine  
  151  27:52  Infested Marine  
  151  27:53  Infested Marine x2  
  142  28:16  Infested Marine  
  142  28:17  Infested Marine x3  
  142  28:18  Infested Marine  
  142  28:19  Infested Diamondback  
  150  28:20  Infested Diamondback x5  
  149  29:19  Overseer  
  177  29:20  Overseer x4  
  146  29:23  Overlord x4  
  146  29:24  Overlord  
  146  29:47  Infested Marine  
  146  29:48  Infested Marine x9  
  146  29:49  Infested Diamondback x3  
  121  31:22  Infested Marine x7  
  121  31:23  Infested Marine x13  
  121  31:27  Infested Diamondback x4  
  121  31:29  Infested Diamondback  
  140  31:49  Overseer x2  
  192  31:50  Overseer x3  
  140  31:54  Infested Diamondback  
Tags
 
Add a new tag
Caveats
  • Supply blocks, unpowered buildings, or Contaminate may cause inaccurate times.
  • Supply counts are checked every 10 seconds.